 Dungeon Crawl Stone Soup version 0.26.1-11-gd32895ea62 (webtiles) character file.

Game seed: 10444223803365365479

21683 infcreate the Covert (level 12, -11/72 HPs)
             Began as a Vampire Enchanter on May 18, 2021.
             Was a High Priest of Dithmenos.
             Mangled by a death yak (28 damage)
             ... on level 3 of the Lair of Beasts.
             The game lasted 01:16:38 (14041 turns).

infcreate the Covert (Vampire Enchanter)           Turns: 14041, Time: 01:16:40

Health: -11/72     AC:  9    Str: 12    XL:     12   Next: 56%
Magic:  16/23      EV: 21    Int: 28    God:    Dithmenos [*****.]
Gold:   426        SH:  8    Dex: 24    Spells: 2/26 levels left

rFire    . . .     SeeInvis +   J - +4 dagger (vamp)
rCold    + + .     Faith    .   f - +1 buckler
rNeg     + + +     Spirit   .   D - +3 robe "Jeokleh" {rN+ Str+5 Int+3}
rPois    ∞         Reflect  .   y - +1 helmet
rElec    .         Harm     .   i - scarf {shadows}
rCorr    .         Rampage  .   e - +0 pair of gloves
Will     +....                  H - +0 pair of boots Stlth ***+++++++
                                g - amulet of regeneration
HPRegen  0.00/turn              I - +6 ring of intelligence
MPRegen  0.18/turn              K - +6 ring of dexterity

@: confusing touch, bloodless, wreathed by umbra
A: fangs 3, see invisible, unbreathing
a: Bat Form, Revivify, Renounce Religion, Shadow Step, Shadow Form


You were on level 3 of the Lair of Beasts.
You worshipped Dithmenos.
Dithmenos was extremely pleased with you.
You visited 3 branches of the dungeon, and saw 16 of its levels.
You also visited: Ossuary.

You collected 1002 gold pieces.
You spent 576 gold pieces at shops.


Innate Abilities, Weirdness & Mutations

You do not regenerate when monsters are visible.
You are frail without blood (-20% HP).
You can heal yourself when you bite living creatures.
You are immune to poison.
You have razor-sharp teeth.
You have supernaturally acute eyesight. (SInv)
You can survive without breathing.


   Skills:
 + Level 7.5 Fighting
 + Level 8.9 Short Blades
 + Level 9.1 Dodging
 + Level 12.8 Stealth
 - Level 5.4 Shields
 + Level 7.6 Spellcasting
 + Level 12.0 Hexes
 + Level 5.4 Necromancy


You had 2 spell levels left.
You knew the following spells:

 Your Spells              Type           Power        Failure   Level
a - Animate Dead          Necr           10%          5%          4
c - Corona                Hex            43%          1%          1
d - Tukima's Dance        Hex            39%          1%          3
e - Ensorcelled Hibernat  Hex/Ice        44%          1%          2
f - Dazzling Flash        Conj/Hex       44%          1%          3
t - Confusing Touch       Hex            39%          1%          3
v - Vampiric Draining     Necr           10%          1%          3
y - Agony                 Necr           20%          16%         5

Your spell library contained the following spells:

 Spells                   Type           Power        Failure   Level
 Animate Skeleton         Necr           40%          1%          1
 Pain                     Necr           80%          1%          1
 Slow                     Hex            39%          1%          2
 Magic Dart               Conj           20%          4%          1
 Blink                    Tloc           N/A          8%          2
 Call Imp                 Summ           5%           8%          2
 Conjure Flame            Conj/Fire      5%           16%         3
 Mephitic Cloud           Conj/Pois/Air  5%           16%         3
 Bolt of Magma            Conj/Fire/Erth 2%           80%         5
 Iskenderun's Battlesphe  Conj           5%           80%         5
 Iron Shot                Conj/Erth      2%           100%        6
 Orb of Destruction       Conj           2%           100%        7
 Spellforged Servitor     Conj/Summ      2%           100%        7

Inventory:

Hand Weapons
 a - a +3 dagger of electrocution
 J - a +4 vampiric dagger (weapon)
Armour
 e - a +0 pair of gloves (worn)
 f - a +1 buckler (worn)
 i - a scarf of shadows (worn)
 y - a +1 helmet (worn)
 D - the +3 robe "Jeokleh" (worn) {rN+ Str+5 Int+3}
   (You found it on level 6 of the Dungeon)

   It affects your strength (+5).
   It affects your intelligence (+3).
   It protects you from negative energy.
 H - a +0 pair of boots (worn)
 Q - a +1 robe of willpower
Jewellery
 g - an amulet of regeneration (around neck)
 F - an uncursed ring of protection from fire
 I - a +6 ring of intelligence (left hand)
 K - a +6 ring of dexterity (right hand)
 Y - a +4 ring of slaying
Wands
 d - a wand of iceblast (9)
 t - a wand of disintegration (54)
 B - a wand of acid (7)
 E - a wand of enslavement (9)
 G - a wand of flame (38)
Scrolls
 c - 3 scrolls of identify {@r1}
 l - a scroll of vulnerability
 m - 9 scrolls of remove curse {@r2}
 x - 2 scrolls of blinking
 A - 14 scrolls of teleportation {@r4}
 C - 3 scrolls of immolation
 M - 3 scrolls of magic mapping
 N - a scroll of fog
 P - a scroll of amnesia
Potions
 b - a potion of invisibility
 h - 4 potions of curing {@q1}
 j - 2 potions of cancellation
 k - 3 potions of flight
 n - a potion of brilliance
 o - 2 potions of resistance
 p - 2 potions of attraction
 q - 3 potions of heal wounds {@q2}
 r - 3 potions of mutation
 s - 3 potions of might
 v - a potion of magic
 w - 3 potions of haste {@q3}
 z - a potion of ambrosia

Dungeon Overview and Level Annotations

Branches:
Dungeon (11/15)            Temple (1/1) D:5            Lair (4/6) D:9
  Swamp (0/4) Lair:2       Spider (0/4) Lair:3      Ossuary (visited)
    Orc: D:9-12

Altars:
Ashenzari
Cheibriados
Dithmenos
Elyvilon
Fedhas
Gozag
Hepliaklqana
Kikubaaqudgha
Makhleb
Nemelex Xobeh
Okawaru
Qazlal
Ru
Sif Muna
Trog
Uskayaw
Vehumet
Wu Jian
Xom
Yredelemnul
Zin

Shops:
D:4 *   D:8 }   D:9 * D:10

:
.....##......÷......#
....................#
........>...........#
....................#
...............F....#
.####.........#.(...#
#.P##......#..§§#(..##
#..#......#...§Y#§...#
...........#...#@§§..#
...#†..........##§§..#
....+.....P#...#.§.§##
.#.#............#...#
#.###.....#.....#...#
..........##..##....#
...........#.P###...#
....................##
............[........#


You could see a death yak.


Message History

You bite the death yak, but do no damage.
You hit the death yak but do no damage. The death yak gores you!
You hit the death yak but do no damage.
Your shadow hits the death yak but does no damage.
You hit the death yak but do no damage.
You bite the death yak, but do no damage.
Your shadow hits the death yak but does no damage.
You block the death yak's attack.
You hit the death yak but do no damage.
You bite the death yak, but do no damage.
Your shadow hits the death yak but does no damage.
The death yak gores you!
You hit the death yak but do no damage.
You bite the death yak, but do no damage.
You hit the death yak but do no damage.
You bite the death yak, but do no damage.
Your shadow barely misses the death yak.
The death yak gores you!!
* * * LOW HITPOINT WARNING * * *
You emit a cloud of dark smoke.
The blink frog blinks!
Casting: Confusing Touch (safe; 1% risk of failure)
Confirm with . or Enter, or press ? or * to list all spells.
You feel a numb sensation. The death yak misses you.
Casting: Dazzling Flash (safe; 1% risk of failure)
Confirm with . or Enter, or press ? or * to list all spells.
You feel a numb sensation. You block the death yak's attack.
You hit the death yak but do no damage.
You bite the death yak, but do no damage.
You hit the death yak but do no damage. The death yak gores you!!
You die...

Skill      XL: |  1  2  3  4  5  6  7  8  9 10 11 12 |
---------------+-------------------------------------+-----
Fighting       | 1 2 3 4 5 6 7 |  7.5
Stealth        | 5 6 7 8 9 10 12 | 12.8
Hexes          | 5 6 7 9 10 11 12 | 12.0
Short Blades   | 2 3 4 5 7 8 |  8.9
Dodging        | 3 4 5 6 7 8 9 |  9.1
Shields        | 1 2 3 4 5 |  5.4
Spellcasting   | 3 4 5 6 7 |  7.6
Necromancy     | 1 4 5 |  5.4

Action                   |  1- 3 |  4- 6 |  7- 9 | 10-12 || total
-------------------------+-------+-------+-------+-------++-------
Melee: Dagger            |    61 |    67 |   396 |   367 ||   891
       Bite              |     3 |     6 |    33 |    45 ||    87
 Cast: Corona            |     7 |     1 |     3 |     4 ||    15
       Ensorcelled Hiber |    10 |    18 |    63 |   101 ||   192
       Tukima's Dance    |       |     3 |     1 |     4 ||     8
       Confusing Touch   |       |     3 |    27 |    20 ||    50
       Dazzling Flash    |       |       |       |     4 ||     4
       Animate Dead      |       |       |       |     1 ||     1
 Abil: Exsanguinate      |     1 |       |       |       ||     1
  Use: Scroll            |     6 |     4 |    21 |    13 ||    44
 Stab: Sleeping          |    21 |    21 |    81 |    98 ||   221
       Confused          |       |     2 |    24 |    14 ||    40
Armor: Robe              |     4 |     9 |    46 |    37 ||    96
Dodge: Dodged            |    23 |    30 |   149 |   186 ||   388
Block: Buckler           |     5 |     7 |    54 |   119 ||   185

Levels and vault maps discovered:
D:1:      saegor_arrival_simple_c, layout_loops_ring
D:2:      layout_basic, cheibriados_altar_1, nicolae_overflow_crystal_walls,
          uniq_sigmund
D:3:      minmay_general_purpose_star, layout_loops_cross, corexii_corridor_pit
D:4:      kennysheep_six_static_rooms, layout_loops_ring, bloody_trog,
          kennysheep_mini, serial_shops, nicolae_shop_waterfront
D:5:      layout_basic, lemuel_coloured_pillars_altar,
          minmay_temple_entry_large_hall, chequers_ossuary_entry_cave,
          minmay_bent, uniq_prince_ribbit1
D:6:      layout_gridville, nicolae_ru_awakened_eye, marbit_many_paths,
          minmay_mini_ossuary
D:7:      layout_cave_pools, nicolae_overflow_hidden_temple
D:8:      layout_loops_corners, grunt_temple_overflow_order_and_chaos_2,
          lemuel_crystal_altar, grunt_gozag_statues, serial_shops,
          nicolae_shop_window_shopping, uniq_psyche
D:9:      layout_loops_ring, erik_lair_orcish_takeover, corner_web_ring,
          minmay_shop_grid_forest
D:10:     layout_roguey, serial_shops, shop_fountains,
          nicolae_dithmenos_through_a_glass_darkly
D:11:     layout_small_grid
Temple:   dpeg_chambers_temple
Lair:1:   layout_cave_pods, nicolae_lair_grove_arrangements,
          serial_bayou_shore_b, uniq_joseph
Lair:2:   layout_misc_corridors, swamp_mist, wad_woods_01, grunt_megastairs_4
Lair:3:   layout_regular_city, spider_nest_entry_web_field, grunt_megastairs_2,
          infiniplex_staircase_pool_2, uniq_nergalle
Lair:4:   layout_misc_corridors, chequers_serial_rivers_micro_d

Notes
Turn   | Place    | Note
-------+----------+-------------------------------------------
     0 | D:1      | infcreate the Vampire Enchanter began the quest for the
                  | Orb.
     0 | D:1      | Reached XP level 1. HP: 13/13 MP: 3/3
   218 | D:1      | Reached XP level 2. HP: 12/15 MP: 1/5
   221 | D:1      | Learned a level 2 spell: Ensorcelled Hibernation
   938 | D:2      | Noticed Sigmund
  1018 | D:2      | Found a snail-covered altar of Cheibriados.
  1055 | D:2      | Reached XP level 3. HP: 20/20 MP: 6/6
  1060 | D:2      | Learned a level 3 spell: Confusing Touch
  1099 | D:2      | Reached skill level 1 in Fighting
  1419 | D:2      | Found a blossoming altar of Fedhas.
  1569 | D:3      | Reached skill level 5 in Stealth
  1569 | D:3      | Reached XP level 4. HP: 23/25 MP: 0/7
  1959 | D:3      | Reached skill level 5 in Hexes
  2492 | D:4      | Found Hudwuufeinu's General Store.
  2612 | D:4      | Noticed a bullfrog
  2709 | D:4      | Found a bloodstained altar of Trog.
  2720 | D:4      | Noticed an ogre
  2784 | D:4      | Killed a bullfrog
  2785 | D:4      | Reached skill level 2 in Short Blades
  2785 | D:4      | Reached skill level 3 in Dodging
  2785 | D:4      | Reached skill level 1 in Shields
  2785 | D:4      | Reached XP level 5. HP: 29/29 MP: 3/9
  2789 | D:4      | Learned a level 3 spell: Tukima's Dance
  2858 | D:2      | Killed Sigmund
  2859 | D:2      | Reached skill level 2 in Fighting
  2859 | D:2      | Reached XP level 6. HP: 34/35 MP: 3/10
  2953 | D:4      | Reached skill level 3 in Spellcasting
  3194 | D:4      | Found a shimmering altar of Xom.
  3249 | D:4      | Reached skill level 2 in Shields
  3333 | D:4      | Reached skill level 6 in Stealth
  3333 | D:4      | Reached skill level 6 in Hexes
  3348 | D:4      | Reached skill level 3 in Short Blades
  3348 | D:4      | Reached XP level 7. HP: 40/40 MP: 1/11
  3352 | D:4      | Learned a level 3 spell: Dazzling Flash
  3947 | D:5      | Entered Level 5 of the Dungeon
  4051 | D:5      | Found a radiant altar of Vehumet.
  4146 | D:5      | Found a sand-covered staircase.
  4153 | Ossuary  | Entered an ossuary
  4397 | Ossuary  | Reached skill level 4 in Dodging
  4670 | D:5      | Found a staircase to the Ecumenical Temple.
  4687 | Temple   | Entered the Ecumenical Temple
  4811 | Temple   | Became a worshipper of Dithmenos the Shadowed
  4962 | D:5      | Reached skill level 3 in Fighting
  4962 | D:5      | Reached skill level 7 in Stealth
  4962 | D:5      | Reached XP level 8. HP: 46/46 MP: 10/13
  5010 | D:5      | Reached skill level 3 in Shields
  5067 | D:5      | Noticed Prince Ribbit
  5088 | D:5      | Killed Prince Ribbit
  5089 | D:5      | Reached skill level 4 in Short Blades
  5089 | D:5      | Reached skill level 4 in Spellcasting
  5089 | D:5      | Reached skill level 7 in Hexes
  5859 | D:6      | Found an ornate altar of the Wu Jian Council.
  6092 | D:6      | Reached * piety under Dithmenos
  6093 | D:6      | Reached skill level 5 in Dodging
  6209 | D:6      | Reached skill level 8 in Stealth
  6277 | D:6      | Reached XP level 9. HP: 52/52 MP: 11/15
  6324 | D:6      | Reached skill level 4 in Fighting
  6326 | D:6      | Got a creamy pearl robe
  6328 | D:6      | Identified the +3 robe "Jeokleh" {rN+ Str+5 Int+3} (You
                  | found it on level 6 of the Dungeon)
  6405 | D:6      | Reached skill level 4 in Shields
  6451 | D:6      | Reached skill level 8 in Hexes
  6545 | D:6      | Found a sacrificial altar of Ru.
  6558 | D:6      | Reached skill level 5 in Short Blades
  6775 | D:7      | Reached ** piety under Dithmenos
  7138 | D:7      | Reached skill level 9 in Stealth
  7183 | D:7      | Found a basalt altar of Yredelemnul.
  7222 | D:7      | Reached skill level 5 in Spellcasting
  7364 | D:8      | Found a broken altar of Ashenzari.
  7560 | D:8      | Noticed Psyche
  7567 | D:8      | Killed Psyche
  7568 | D:8      | Reached skill level 6 in Dodging
  7645 | D:8      | Reached *** piety under Dithmenos
  7713 | D:8      | Found Qumucefo's Gadget Shoppe.
  8038 | D:8      | Found a burning altar of Makhleb.
  8043 | D:8      | Found a glowing silver altar of Zin.
  8044 | D:8      | Noticed an angel
  8044 | D:8      | Noticed a balrug
  8075 | D:8      | Found an opulent altar of Gozag.
  8080 | D:8      | Reached skill level 9 in Hexes
  8080 | D:8      | Reached XP level 10. HP: 58/58 MP: 17/17
  8209 | D:9      | Noticed a two-headed ogre
  8219 | D:9      | Killed a two-headed ogre
  8220 | D:9      | Reached skill level 5 in Fighting
  8220 | D:9      | Reached skill level 6 in Short Blades
  8293 | D:9      | Reached skill level 5 in Shields
  8427 | D:9      | Reached **** piety under Dithmenos
  8477 | D:9      | Reached skill level 10 in Stealth
  8636 | D:9      | Found a staircase to the Lair.
  8864 | D:9      | Found Ququs's Assorted Antiques.
  8877 | D:9      | Bought an embroidered scarf for 216 gold pieces
  9570 | D:10     | Entered Level 10 of the Dungeon
  9719 | D:10     | Reached skill level 7 in Dodging
  9751 | D:10     | Found a shadowy altar of Dithmenos.
  9828 | D:10     | Found Taseg's Book Emporium.
  9830 | D:10     | Reached skill level 6 in Spellcasting
  9836 | D:10     | Bought a book of Necromancy for 360 gold pieces
  9840 | D:10     | Learned a level 3 spell: Vampiric Draining
  9974 | D:10     | Reached skill level 10 in Hexes
 10259 | D:11     | Reached skill level 1 in Necromancy
 10279 | D:11     | Noticed a boulder beetle
 10283 | D:11     | Killed a boulder beetle
 10284 | D:11     | Reached skill level 7 in Short Blades
 10284 | D:11     | Reached XP level 11. HP: 64/64 MP: 20/20
 10387 | D:11     | Noticed a purple ugly thing
 10387 | D:11     | Noticed a deep elf mage
 10399 | D:11     | Killed a deep elf mage
 10415 | D:11     | Killed a purple ugly thing
 10416 | D:11     | Reached skill level 6 in Fighting
 10416 | D:11     | Reached skill level 11 in Stealth
 10458 | D:11     | Reached skill level 2 in Necromancy
 10885 | D:11     | Noticed a cyan ugly thing
 10888 | D:11     | Killed a cyan ugly thing
 11246 | D:11     | Learned a level 4 spell: Animate Dead
 11280 | Lair:1   | Entered Level 1 of the Lair of Beasts
 11285 | Lair:1   | Reached skill level 3 in Necromancy
 11431 | Lair:1   | Identified 2 potions of resistance
 11696 | Lair:1   | Noticed Joseph
 11704 | Lair:1   | Killed Joseph
 11860 | Lair:1   | Reached skill level 8 in Dodging
 12154 | Lair:2   | Found a staircase to the Swamp.
 12188 | Lair:2   | Reached skill level 11 in Hexes
 12320 | Lair:2   | Reached ***** piety under Dithmenos
 12370 | Lair:2   | Reached skill level 8 in Short Blades
 12378 | Lair:2   | Reached skill level 7 in Spellcasting
 12385 | Lair:2   | Reached skill level 12 in Stealth
 12385 | Lair:2   | Reached skill level 4 in Necromancy
 12650 | Lair:2   | Reached XP level 12. HP: 71/71 MP: 22/22
 12758 | Lair:1   | Reached skill level 7 in Fighting
 13045 | Lair:3   | Learned a level 5 spell: Agony
 13069 | Lair:3   | Noticed Nergalle
 13215 | Lair:2   | Killed Nergalle
 13262 | Lair:3   | Found a hole to the Spider Nest.
 13385 | Lair:3   | Reached skill level 5 in Necromancy
 13861 | Lair:4   | Reached skill level 9 in Dodging
 13949 | Lair:4   | Reached skill level 12 in Hexes
 13950 | Lair:4   | Noticed a death yak
 13975 | Lair:4   | Noticed a death yak
 13976 | Lair:4   | Noticed a death yak
 13976 | Lair:4   | Noticed a death yak
 14041 | Lair:3   | Mangled by a death yak

Vanquished Creatures
  A boulder beetle (D:11)
  Nergalle (Lair:2)
  A deep elf mage (D:11)
  2 ugly things (D:11)
  10 cane toads
  Psyche (D:8)
  Joseph (Lair:1)
  7 komodo dragons
  A troll (D:10)
  Prince Ribbit (D:5)
  5 blink frogs
  6 spriggans (Lair:2)
  5 wyverns
  21 yaks
  3 basilisks (Lair:3)
  3 wargs (D:9)
  8 water moccasins
  A soldier ant (D:10)
  2 orc warriors (D:6)
  An ice beast (D:5)
  3 sky beasts
  3 ogres
  A phantom (D:8)
  2 centaurs (D:5)
  2 big kobolds (D:11)
  22 bullfrogs
  A water moccasin zombie (D:8)
  2 scorpions (D:7)
  10 killer bees
  6 wights
  2 howler monkeys (D:4)
  2 centaur zombies
  A quasit (D:11)
  2 jellies
  4 centaur skeletons
  A gnoll shaman (D:8)
  9 hounds
  8 orc priests
  A bullfrog skeleton (D:9)
  12 orc wizards
  2 iguanas
  4 worker ants
  3 big kobold zombies (Ossuary)
  3 mummies
  A worker ant zombie (D:6)
  A howler monkey zombie (D:7)
  8 gnolls
  11 adders
  2 shadow imps
  2 white imps (D:8)
  2 ufetubi
  2 oozes
  5 adder zombies (Ossuary)
  3 adder skeletons
  3 worms
  3 dart slugs
  9 leopard geckos
  37 orcs
  3 ball pythons
  4 bats
  4 giant cockroaches
  A goblin (D:2)
  6 hobgoblins
  13 jackals
  5 quokkas
  3 frilled lizards
  7 hobgoblin zombies (Ossuary)
  A jackal skeleton (D:6)
  22 kobolds
  6 kobold zombies
  7 orc zombies
  7 rats
365 creatures vanquished.

Vanquished Creatures (collateral kills)
  A two-headed ogre (D:9)
  Sigmund (D:2)
  2 ogres
4 creatures vanquished.

Vanquished Creatures (others)
  9 plants
9 creatures vanquished.

Grand Total: 378 creatures vanquished

Table legend: (Time is in decaauts)
 A = Elapsed time spent in this place.
 B = Non-inter-level travel time spent in this place.
 C = Inter-level travel time spent in this place.
 D = Time resting spent in this place.
 E = Time spent auto-exploring this place.
 F = Levels seen in this place.
 G = Mean time per level.
                   A        B        C        D        E       F      G
               +--------+--------+--------+--------+--------+-----+--------+
         Total |  13835 |  11257 |   2578 |   1844 |      0 |  17 |  813.8 |
       Dungeon |  10692 |   8658 |   2034 |   1559 |      0 |  11 |  972.0 |
        Temple |    168 |    124 |     44 |      0 |      0 |   1 |  168.0 |
          Lair |   2700 |   2200 |    500 |    215 |      0 |   4 |  675.0 |
       Ossuary |    274 |    274 |      0 |     70 |      0 |   1 |  274.0 |
               +--------+--------+--------+--------+--------+-----+--------+

Top non-repeatable levels by time:
     D:4: 1372 daAuts
     D:5: 1268 daAuts
     D:9: 1200 daAuts
     D:6: 1067 daAuts
  Lair:1: 1047 daAuts
    D:11: 980 daAuts
     D:3: 980 daAuts
     D:8: 974 daAuts
     D:1: 875 daAuts
  Lair:2: 780 daAuts
     D:2: 765 daAuts
  Lair:3: 734 daAuts
    D:10: 677 daAuts
     D:7: 529 daAuts
 Ossuary: 274 daAuts

Table legend:
 A = Non-vault XP
 B = Vault XP
 C = Vault XP percentage of total XP
 D = Non-vault monster count
 E = Vault monster count
 F = Vault count percentage of total count
                 A         B        C        D         E       F
            +---------+---------+-------+---------+---------+-------
      Total |   25004 |    5973 |  19.3 |     299 |      70 |  19.0
            +---------+---------+-------+---------+---------+-------
        D:1 |      34 |       0 |   0.0 |      19 |       0 |   0.0
        D:2 |      36 |     217 |  85.8 |      13 |       1 |   7.1
        D:3 |      47 |      11 |  19.0 |      13 |       4 |  23.5
        D:4 |     435 |      87 |  16.7 |      19 |       3 |  13.6
        D:5 |     625 |     452 |  42.0 |      21 |       7 |  25.0
        D:6 |    1427 |      71 |   4.7 |      27 |       6 |  18.2
        D:7 |     668 |       0 |   0.0 |      31 |       0 |   0.0
        D:8 |    1693 |     434 |  20.4 |      32 |       1 |   3.0
        D:9 |    1855 |     669 |  26.5 |      21 |      10 |  32.3
       D:10 |    1239 |       0 |   0.0 |      12 |       0 |   0.0
       D:11 |    5144 |       0 |   0.0 |      38 |       0 |   0.0
     Temple |       4 |       0 |   0.0 |       2 |       0 |   0.0
     Lair:1 |    2962 |     430 |  12.7 |      14 |       1 |   6.7
     Lair:2 |    2760 |    3443 |  55.5 |      12 |      11 |  47.8
     Lair:3 |    3726 |       0 |   0.0 |      14 |       0 |   0.0
     Lair:4 |    2349 |       0 |   0.0 |      11 |       0 |   0.0
    Ossuary |       0 |     159 | 100.0 |       0 |      26 | 100.0
            +---------+---------+-------+---------+---------+-------
